Map: Nightscape LE

Players

Viirtuoze

  • Race: Protoss Protoss
  • Spawn Location: 7:00

Hirano

  • Race: Protoss Protoss
  • League: Master
  • Spawn Location: 7:00

Massa - Winner!

  • Race: Terran Terran
  • League: Platinum
  • Spawn Location: 1:00

qqq - Winner!

  • Race: Zerg Zerg
  • Spawn Location: 1:00

VOD

Have the link to the VOD?

Description

Time

  • Played on: Oct. 30, 2020, 4:10 p.m.
  • Length: 14:18
Show
View Real Time Build Order
Export as new Build Order

Viirtuoze Protoss 

Build Orders:  

Get SALT Encoding   

  12  0:10  Pylon  
  12  0:22  Probe  
  13  0:31  Gateway  
  13  0:35  Probe  
  14  0:48  Probe  
  15  1:00  Probe  
  16  1:08  Assimilator  
  16  1:18  Cybernetics Core  
  16  1:24  Probe (Chrono Boost)  
  17  1:35  Probe (Chrono Boost)  
  18  1:40  Probe (Chrono Boost)  
  18  1:45  Gateway  
  19  1:48  Warp Gate (Chrono Boost)  
  19  1:50  Gateway  
  19  1:56  Gateway  
  19  2:11  Stalker  
  21  2:17  Assimilator  
  21  2:20  Probe  
  22  2:28  Pylon  
  22  2:31  Pylon  
  22  2:32  Probe  
  23  2:46  Probe  
  24  3:03  Pylon  
  24  3:24  Stalker x4  
  32  3:27  Gateway  
  30  3:48  Stalker x3  
  36  4:16  Nexus  
  36  4:22  Robotics Facility  
  21  5:09  Stalker x4  
  29  5:19  Immortal  
  33  5:27  Probe (Chrono Boost)  
  34  5:39  Probe (Chrono Boost)  
  35  5:45  Sentry  
  35  5:46  Sentry  
  36  6:03  Stalker  
  38  6:22  Nexus  
  38  6:37  Twilight Council  
  38  6:42  Pylon  
  38  6:44  Pylon  
  38  6:50  Probe (Chrono Boost)  
  39  7:01  Probe (Chrono Boost)  
  40  7:04  Stalker  
  40  7:06  Probe  
  43  7:32  Pylon  
  43  7:34  Probe (Chrono Boost)  
  43  7:37  Blink (Chrono Boost)  
  46  7:45  Probe x2 (Chrono Boost)  
  47  7:52  Probe (Chrono Boost)  
  47  7:53  Probe (Chrono Boost)  
  47  7:57  Probe (Chrono Boost)  
  48  8:01  Probe  
  50  8:08  Probe  
  50  8:09  Pylon  
  50  8:11  Pylon  
  51  8:13  Probe  
  51  8:14  Assimilator  
  51  8:16  Assimilator  
  52  8:20  Probe  
  52  8:25  Probe  
  54  8:32  Probe  
  55  8:39  Pylon  
  55  8:41  Pylon  
  55  8:44  Probe (Chrono Boost)  
  57  8:50  Probe (Chrono Boost)  
  57  8:54  Probe (Chrono Boost)  
  58  8:58  Probe (Chrono Boost)  
  58  8:59  Probe (Chrono Boost)  
  58  9:02  Forge  
  60  9:09  Probe  
  61  9:17  Probe  
  61  9:21  Probe  
  63  9:29  Probe  
  63  9:30  Stalker x3  
  63  9:31  Stalker  
  72  9:39  Immortal  
  76  9:46  Protoss Ground Weapons Level 1 (Chrono Boost)  
  76  9:58  Stalker  
  78  10:01  Sentry x3  
  84  10:18  Warp Prism  
  46  12:02  Immortal  
  46  12:07  Stalker  
  46  12:08  Stalker x3  
  58  12:16  Probe (Chrono Boost)  
  59  12:39  Stalker x3  
  59  12:40  Stalker  
  59  12:42  Immortal  
  71  12:59  Gateway  
  71  13:01  Gateway  
  71  13:03  Gateway, Stalker  
  71  13:04  Stalker x3  
  71  13:05  Gateway  
  79  13:21  Immortal  
  83  13:30  Stalker x3  
  83  13:31  Stalker  
Show
View Real Time Build Order
Export as new Build Order

Hirano Protoss 

Build Orders: Archon Immortal 

Get SALT Encoding   

  12  0:01  Probe  
  13  0:13  Probe  
  14  0:18  Pylon  
  14  0:25  Probe  
  15  0:37  Gateway  
  15  0:42  Assimilator  
  15  0:43  Probe  
  16  0:55  Probe  
  17  1:08  Probe (Chrono Boost)  
  18  1:12  Gateway  
  18  1:20  Probe (Chrono Boost)  
  18  1:24  Cybernetics Core  
  19  1:27  Probe (Chrono Boost)  
  19  1:30  Pylon  
  20  1:34  Probe  
  21  1:49  Probe  
  21  1:52  Assimilator  
  22  2:00  Warp Gate  
  22  2:01  Stalker x2 (Chrono Boost)  
  26  2:14  Probe  
  27  2:17  Pylon  
  27  2:24  Stalker  
  29  2:30  Stalker  
  31  2:52  Nexus  
  31  3:06  Robotics Facility  
  31  3:13  Twilight Council  
  31  3:16  Probe (Chrono Boost)  
  33  3:28  Probe (Chrono Boost)  
  31  3:37  Probe  
  32  3:47  Forge  
  32  3:49  Gateway  
  32  3:59  Immortal  
  36  4:04  Charge (Chrono Boost)  
  36  4:09  Probe (Chrono Boost)  
  38  4:18  Probe (Chrono Boost)  
  38  4:20  Probe (Chrono Boost)  
  38  4:21  Protoss Ground Weapons Level 1 (Chrono Boost)  
  39  4:25  Probe (Chrono Boost)  
  39  4:28  Probe  
  41  4:49  Probe  
  41  4:50  Immortal  
  42  4:55  Zealot x2  
  46  5:00  Pylon  
  46  5:04  Zealot  
  46  5:19  Zealot x2  
  50  5:23  Shield Battery  
  50  5:24  Shield Battery  
  50  5:26  Probe x2  
  52  5:34  Immortal  
  56  5:42  Pylon  
  56  5:46  Pylon  
  56  5:47  Probe x2  
  58  5:56  Zealot x2  
  62  6:00  Probe  
  62  6:02  Assimilator  
  63  6:05  Probe  
  63  6:06  Assimilator  
  64  6:12  Probe  
  64  6:16  Warp Prism  
  64  6:18  Protoss Ground Weapons Level 2 (Chrono Boost)  
  67  6:24  Probe  
  67  6:25  Probe  
  69  6:36  Probe  
  69  6:39  Templar Archives  
  70  6:41  Probe, Zealot  
  70  6:42  Zealot  
  75  6:50  Probe, Photon Cannon  
  76  7:08  Zealot  
  78  7:10  Psionic Storm  
  78  7:15  Pylon  
  78  7:17  Pylon  
  78  7:19  Pylon  
  78  7:25  Pylon  
  78  7:33  Probe  
  79  7:39  Zealot x3  
  85  8:01  Warp Prism  
  87  8:06  Gateway  
  87  8:10  Gateway  
  87  8:13  High Templar x2  
  87  8:14  Gateway  
  87  8:15  High Templar  
  93  8:28  Protoss Ground Weapons Level 3 (Chrono Boost)  
  93  8:31  Photon Cannon  
  93  8:33  Pylon  
  93  8:36  Photon Cannon  
  93  8:40  Nexus  
  93  8:46  Immortal  
  97  8:49  High Templar x2  
  97  8:51  High Templar  
  97  8:55  Archon  
  103  8:59  Probe  
  103  9:00  Probe  
  103  9:02  High Templar  
  107  9:04  High Templar  
  109  9:10  Archon  
  109  9:12  Probe  
  109  9:16  Pylon  
  110  9:17  Pylon  
  110  9:19  Pylon  
  110  9:34  Probe, High Templar x2  
  110  9:35  High Templar  
  110  9:37  Zealot x3  
  123  9:39  Archon  
  123  9:42  Probe  
  118  9:46  Probe  
  118  9:50  Immortal (Chrono Boost)  
  117  9:54  Probe  
  117  9:58  Probe  
  117  9:59  Zealot x3  
  129  10:09  High Templar x2  
  129  10:13  Archon  
  133  10:18  Pylon  
  133  10:20  Pylon  
  133  10:24  Pylon  
  131  10:32  Assimilator  
  131  10:34  Zealot x4  
  131  10:35  Assimilator  
  139  10:37  Immortal  
  109  11:00  Zealot x2  
  109  11:01  Zealot x4  
  105  11:24  Stalker x2  
  105  11:25  Stalker x4  
  83  11:43  Protoss Ground Armor Level 1 (Chrono Boost)  
  69  11:51  Immortal (Chrono Boost), Stalker x6  
  79  12:14  High Templar x2  
  79  12:15  High Templar  
  85  12:16  Zealot x3  
  91  12:24  Photon Cannon  
  91  12:26  Photon Cannon  
  91  12:28  Observer (Chrono Boost), Gateway  
  91  12:29  Photon Cannon, Gateway  
  92  12:34  Robotics Facility  
  92  12:38  Stalker x3  
  92  12:39  Robotics Bay  
  98  12:47  Immortal (Chrono Boost)  
  102  12:57  Stalker x2  
  102  12:58  Stalker  
  108  13:09  Stalker  
  108  13:10  Stalker x2  
  114  13:20  Immortal x2 (Chrono Boost)  
  114  13:22  High Templar x2  
  114  13:24  Stalker  
  114  13:26  Archon  
  122  13:45  Stalker x2  
  122  13:46  Stalker  
  102  14:04  Stalker  
  102  14:05  Stalker x2  
Show
View Real Time Build Order
Export as new Build Order

Massa Terran - Winner!

Build Orders:  

Get SALT Encoding   

  12  0:00  SCV  
  13  0:12  SCV  
  14  0:22  Supply Depot  
  14  0:25  SCV  
  15  0:33  Refinery  
  15  0:44  SCV  
  15  0:47  Barracks  
  16  0:57  SCV  
  17  1:09  SCV  
  18  1:21  SCV  
  19  1:33  SCV  
  19  1:36  Barracks x2  
  19  1:39  Barracks  
  20  1:44  Barracks Tech Lab  
  20  1:52  Orbital Command  
  20  2:01  Supply Depot  
  20  2:06  Stimpack  
  21  2:20  Marauder  
  21  2:22  SCV  
  23  2:24  Marine  
  23  2:27  Marine  
  25  2:30  Marine  
  26  2:48  Marine x2  
  26  2:49  Marauder, Marine  
  31  3:06  Command Center  
  31  3:14  Supply Depot  
  31  3:30  Marine  
  31  3:34  Marine  
  31  3:35  Marine  
  31  3:36  Marauder  
  34  3:46  Concussive Shells  
  34  3:48  Marine  
  34  3:52  Marine  
  34  3:53  Marine  
  37  3:57  Marauder  
  39  4:07  Bunker  
  39  4:12  Supply Depot  
  39  4:18  SCV, Marine x3  
  39  4:19  Marauder  
  45  4:27  SCV  
  45  4:30  SCV  
  47  4:36  Marine x3  
  50  4:39  SCV  
  50  4:40  Marauder  
  50  4:42  SCV  
  52  4:53  Marine x2  
  52  4:54  Marine  
  57  5:07  Marauder  
  57  5:11  Marine x2  
  57  5:12  Marine  
  60  5:22  Orbital Command, Supply Depot  
  60  5:23  SCV, Supply Depot  
  60  5:28  Factory  
  61  5:35  SCV  
  62  5:44  Marauder  
  62  5:47  Supply Depot  
  64  6:05  SCV x2  
  64  6:06  Marauder  
  64  6:08  Barracks Reactor  
  68  6:17  SCV x2, Factory Tech Lab, Supply Depot  
  70  6:25  Starport  
  70  6:29  SCV  
  70  6:30  Starport, SCV  
  70  6:32  Refinery  
  72  6:40  Engineering Bay  
  72  6:41  SCV  
  72  6:42  SCV  
  72  6:45  Barracks Reactor  
  72  6:46  Barracks Reactor  
  74  6:47  Supply Depot x2  
  74  6:51  Refinery  
  74  6:53  SCV  
  75  6:54  SCV  
  75  6:57  Combat Shield  
  76  7:05  SCV  
  76  7:06  SCV  
  76  7:07  Supply Depot  
  80  7:10  Supply Depot  
  80  7:15  Supply Depot  
  78  7:22  Missile Turret  
  78  7:26  Refinery  
  78  7:28  Missile Turret  
  78  7:30  Missile Turret  
  78  7:31  SCV x2  
  78  7:34  Medivac x2  
  84  7:41  Marine x3  
  84  7:43  SCV x2, Missile Turret  
  89  7:55  SCV  
  90  8:01  Command Center  
  90  8:04  Medivac, Missile Turret  
  92  8:19  Medivac  
  94  8:24  Siege Tank  
  94  8:25  Marine x5  
  94  8:26  Marine  
  104  8:29  Marauder  
  104  8:34  Medivac  
  105  8:38  SCV x2  
  109  8:43  Marine x5  
  114  8:50  SCV x2  
  114  8:51  Marauder  
  118  9:02  SCV  
  119  9:03  SCV  
  119  9:08  Armory, Engineering Bay  
  120  9:10  Terran Infantry Weapons Level 1  
  120  9:14  SCV  
  120  9:15  SCV  
  122  9:18  Missile Turret  
  122  9:19  Siege Tank  
  122  9:20  Marauder, Marine x2  
  122  9:21  Marine x2  
  129  9:26  SCV  
  130  9:41  Marauder  
  130  9:42  SCV x2  
  130  9:45  Starport Tech Lab, Starport Reactor  
  134  9:49  Terran Infantry Armor Level 1  
  134  9:50  Missile Turret  
  134  9:53  Missile Turret  
  134  9:54  SCV x2  
  134  9:55  Missile Turret  
  136  10:03  Marauder  
  136  10:04  Marine  
  136  10:05  Marine x3  
  136  10:06  SCV x2  
  144  10:08  Command Center  
  144  10:18  SCV  
  144  10:19  SCV  
  146  10:24  Marauder  
  148  10:30  SCV  
  149  10:44  SCV  
  149  10:45  Marauder  
  120  11:12  Medivac x3  
  120  11:14  Marauder  
  120  11:15  Marine x6  
  108  11:32  Marine  
  108  11:33  Marine x5  
  108  11:35  Marauder  
  108  11:42  Medivac x2  
  111  11:50  Marine  
  111  11:51  Marine x5  
  117  11:57  Marauder  
  119  12:08  Marine  
  119  12:09  Marine x5  
  119  12:13  Siege Tank  
  128  12:18  Marauder  
  128  12:20  SCV  
  128  12:21  SCV  
  133  12:24  Orbital Command  
  133  12:26  Marine x2  
  134  12:31  Command Center  
  134  12:32  SCV  
  134  12:33  SCV  
  134  12:35  Refinery  
  136  12:37  Refinery  
  136  12:40  Marauder  
  138  12:44  SCV  
  138  12:45  SCV, Siege Tank  
  143  12:53  Medivac x3  
  143  12:57  SCV x2  
  151  13:01  Marauder  
  151  13:02  Orbital Command  
  151  13:04  SCV  
  154  13:09  SCV x2  
  156  13:16  SCV  
  156  13:17  Siege Tank  
  160  13:21  SCV x2, Armory  
  160  13:22  Marauder  
  164  13:33  Supply Depot  
  164  13:34  Supply Depot  
  164  13:36  Supply Depot  
  164  13:37  Supply Depot  
  164  13:43  Medivac x2  
  166  13:55  Supply Depot  
  166  13:57  Supply Depot  
  163  14:03  Supply Depot  
Show
View Real Time Build Order
Export as new Build Order

qqq Zerg - Winner!

Build Orders: Hatch First, Brood Lord Corruptor 

Get SALT Encoding   

  12  0:00  Drone  
  13  0:11  Drone  
  14  0:36  Hatchery  
  13  0:44  Drone  
  14  0:59  Spawning Pool  
  14  1:03  Overlord  
  13  1:08  Drone  
  14  1:21  Extractor, Drone x2  
  15  1:26  Drone  
  16  1:38  Drone  
  17  1:48  Drone  
  17  1:50  Queen  
  17  1:53  Drone  
  21  2:02  Drone  
  21  2:04  Drone  
  23  2:09  Queen  
  25  2:16  Overlord  
  25  2:23  Metabolic Boost  
  25  2:26  Drone  
  26  2:30  Drone  
  26  2:32  Drone  
  26  2:36  Zergling x2  
  28  2:45  Zergling x2  
  28  2:47  Drone, Zergling x2  
  31  2:56  Zergling x2  
  31  2:57  Zergling x2  
  33  3:05  Baneling Nest  
  33  3:06  Drone  
  33  3:11  Drone  
  34  3:15  Zergling x2  
  34  3:16  Zergling x2  
  36  3:20  Overlord  
  36  3:21  Overlord  
  36  3:37  Overlord  
  36  3:39  Lair  
  36  3:43  Drone x3  
  36  3:44  Zergling x6  
  42  3:56  Drone  
  42  3:57  Roach Warren, Zergling x4  
  42  4:00  Drone  
  45  4:06  Drone  
  45  4:07  Drone x2  
  45  4:09  Drone  
  48  4:29  Drone x3  
  51  4:31  Drone x2, Extractor  
  48  5:03  Roach x4  
  48  5:06  Glial Reconstitution  
  55  5:11  Drone x4  
  59  5:14  Extractor  
  59  5:16  Extractor  
  57  5:23  Roach  
  57  5:25  Overlord  
  59  5:35  Hatchery  
  58  5:44  Roach x4  
  58  5:45  Drone  
  58  5:46  Overlord x2  
  58  5:47  Overlord  
  67  5:52  Hatchery  
  67  5:53  Hatchery  
  65  6:08  Drone x3  
  69  6:18  Drone  
  69  6:19  Spire, Roach x4  
  69  6:24  Drone  
  69  6:25  Drone x2, Evolution Chamber  
  78  6:31  Overlord  
  78  6:38  Roach x2  
  82  6:48  Drone x2  
  82  6:49  Infestation Pit, Roach  
  82  6:50  Drone  
  86  6:59  Roach x3  
  92  7:01  Zerg Ground Armor Level 1  
  92  7:06  Roach x2  
  92  7:07  Drone x2  
  98  7:14  Pneumatized Carapace  
  98  7:16  Overseer  
  98  7:18  Overlord  
  98  7:20  Drone x3  
  101  7:29  Spine Crawler, Spore Crawler  
  99  7:31  Drone x3  
  99  7:32  Drone  
  99  7:34  Drone  
  100  7:52  Mutalisk x2, Hive  
  100  7:54  Zergling x8  
  100  7:55  Drone x2  
  108  8:05  Spine Crawler  
  107  8:09  Spine Crawler, Spore Crawler  
  107  8:10  Drone x3  
  107  8:12  Drone, Spine Crawler  
  108  8:14  Drone  
  109  8:24  Drone  
  109  8:25  Drone x5  
  115  8:34  Spine Crawler, Spore Crawler  
  114  8:37  Spine Crawler  
  114  8:40  Drone x2, Spine Crawler  
  113  8:42  Spine Crawler  
  112  8:56  Zerg Missile Weapons Level 1  
  112  9:09  Drone x3  
  116  9:10  Drone x6  
  116  9:12  Roach x2  
  116  9:13  Overlord  
  116  9:14  Overlord x6  
  125  9:19  Greater Spire  
  125  9:43  Mutalisk x2, Corruptor  
  125  9:44  Corruptor x5  
  138  9:50  Extractor  
  138  9:51  Extractor  
  138  9:52  Drone x6, Spine Crawler  
  141  9:53  Drone  
  141  9:54  Drone  
  141  9:55  Drone  
  141  9:58  Corruptor  
  146  10:01  Extractor  
  146  10:05  Spine Crawler  
  144  10:10  Spine Crawler, Spore Crawler  
  144  10:11  Spine Crawler  
  144  10:13  Drone x2, Spore Crawler  
  144  10:14  Drone x2  
  135  10:37  Brood Lord x4  
  140  10:48  Brood Lord  
  110  10:51  Zergling x2, Roach x5  
  110  10:52  Drone x3  
  110  10:53  Drone x3  
  117  11:05  Drone x2  
  104  11:22  Brood Lord x2  
  101  11:33  Corruptor  
  101  11:35  Drone x3, Zergling x2  
  101  11:36  Zergling x10  
  104  11:49  Drone x2  
  104  11:50  Drone x2  
  108  12:00  Extractor  
  107  12:01  Extractor  
  107  12:02  Extractor, Hatchery, Drone  
  107  12:03  Drone  
  107  12:04  Spine Crawler  
  107  12:07  Spine Crawler  
  104  12:13  Hatchery, Brood Lord, Corruptor x4  
  113  12:16  Drone  
  114  12:32  Overlord x2  
  114  12:33  Drone x2, Hatchery  
  114  12:34  Drone x3  
  118  12:44  Hatchery  
  117  12:51  Hatchery  
  116  12:59  Brood Lord x3  
  116  13:02  Drone x5  
  127  13:08  Drone  
  128  13:15  Brood Lord  
  128  13:18  Corruptor x3  
  136  13:20  Drone  
  136  13:21  Drone x2  
  136  13:46  Extractor  
  135  14:00  Zergling x6  
  135  14:01  Zergling x2  
Tags
 
Add a new tag
Caveats
  • Supply blocks, unpowered buildings, or Contaminate may cause inaccurate times.
  • Supply counts are checked every 10 seconds.